 Dungeon Crawl Stone Soup version 0.24-a0-652-g46ecf6da75 (webtiles) character file.

Game seed: 12187009305170787066, levelgen mode: deterministic

21337 Peloso the Carver (level 12, -5/106 HPs)
             Began as a Minotaur Fighter on Sept 26, 2019.
             Was an Initiate of Gozag.
             Killed from afar by a fire dragon (shapeshifter) (18 damage)
             ... with a blast of flame
             ... on level 11 of the Dungeon.
             The game lasted 00:35:03 (15176 turns).

Peloso the Carver (Minotaur Fighter)               Turns: 15176, Time: 00:35:04

Health: -5/106     AC: 23    Str: 29    XL:     12   Next: 53%
Magic:  0/11       EV: 10    Int:  5    God:    Gozag
Gold:   1345       SH: 14    Dex: 15    Spells: 11/11 levels left

rFire    . . .     SeeInvis +   a - +1 falchion of War {venom, rC+ SInv} (curse)
rCold    + . .     Gourm    .   c - +0 shield
rNeg     . . .     Faith    .   H - +0 plate armour
rPois    +         Spirit   +   (helmet restricted)
rElec    .         Reflect  .   q - +2 cloak
rCorr    +         Harm     .   t - +1 pair of gloves {Dex+3}
MR       .....                  r - +1 pair of boots {Fly}
Stlth    ..........             h - amulet of guardian spirit
HPRegen  0.27/turn              C - ring of poison resistance
MPRegen  0.12/turn              M - ring of resist corrosion

@: mighty, gold aura, flying
A: retaliatory headbutt, horns 2
a: Potion Petition, Call Merchant, Bribe Branch, Renounce Religion, Stop Flying


You were on level 11 of the Dungeon.
You worshipped Gozag.
Gozag was most pleased with you.
You were not hungry.

You visited 3 branches of the dungeon, and saw 17 of its levels.

You collected 3133 gold pieces.
You spent 486 gold pieces at shops.
You paid 1302 gold pieces to Gozag.

Inventory:

Hand Weapons
 a - the cursed +1 falchion of War (weapon) {venom, rC+ SInv}
   (You bought it in a shop on level 1 of the Lair of Beasts)

   It poisons the flesh of those it strikes.
   It protects you from cold.
   It lets you see invisible.
   It has a curse placed upon it.
Armour
 b - a +0 scale mail
 c - a +0 shield (worn)
 g - a scarf of spirit shield
 l - a +0 pair of boots
 q - a +2 cloak (worn)
 r - a +1 pair of boots of flying (worn)
 t - a +1 pair of gloves of dexterity (worn)
 H - a +0 plate armour (worn)
Jewellery
 h - an amulet of guardian spirit (around neck)
 o - an uncursed ring of ice {unknown}
 C - a ring of poison resistance (left hand)
 M - a ring of resist corrosion (right hand)
Scrolls
 j - a scroll of enchant weapon
 k - 2 scrolls of noise
 m - 3 scrolls of identify
 n - a scroll of amnesia
 p - a scroll of remove curse
 u - 4 scrolls of magic mapping
 w - a scroll of vulnerability {unknown}
 x - a scroll of blinking
 K - 2 scrolls of teleportation
Potions
 d - a potion of might
 e - a potion of ambrosia {unknown}
 i - 4 potions of curing
 s - 3 potions of flight
 D - a potion of heal wounds
 G - a potion of agility
Comestibles
 f - 16 rations


   Skills:
 + Level 10.1 Fighting
 + Level 13.8 Long Blades
   Level 2.6 Axes
 + Level 11.4 Armour
 + Level 4.0 Dodging
 + Level 2.5 Stealth
 + Level 13.6 Shields


You had 11 spell levels left.
You didn't know any spells.
Your spell library contained the following spells:

 Spells                   Type           Power        Failure   Level  Hunger
 Animate Skeleton         Necr           N/A          99%         1    ##.....
 Apportation              Tloc           #.....       99%         1    ##.....
 Beastly Appendage        Tmut           #.....       99%         1    ##.....
 Confusing Touch          Hex            #.....       99%         1    ##.....
 Sandblast                Erth           #.....       99%         1    ##.....
 Summon Butterflies       Summ           #.......     99%         1    ##.....
 Summon Small Mammal      Summ           #...         99%         1    ##.....
 Passwall                 Tmut/Erth      #.......     100%        2    ###....
 Poisonous Vapours        Pois/Air       #.....       100%        2    ###....
 Sticks to Snakes         Tmut           #.......     100%        2    ###....
 Confuse                  Hex            #.......     100%        3    ####...
 Conjure Flame            Conj/Fire      #.......     100%        3    ####...
 Gell's Gravitas          Tloc           #.........   100%        3    ####...
 Lesser Beckoning         Tloc           #.........   100%        3    ####...
 Mephitic Cloud           Conj/Pois/Air  #.......     100%        3    ####...
 Spider Form              Tmut/Pois      #.........   100%        3    ####...
 Stone Arrow              Conj/Erth      #.....       100%        3    ####...
 Tukima's Dance           Hex            #.......     100%        3    ####...
 Ice Form                 Ice/Tmut       #.......     100%        4    #####..
 Petrify                  Tmut/Erth      #.......     100%        4    #####..
 Alistair's Intoxication  Tmut/Pois      #.......     100%        5    ######.
 Blade Hands              Tmut           #.........   100%        5    ######.
 Lee's Rapid Deconstruct  Erth           #.........   100%        5    ######.
 Metabolic Englaciation   Hex/Ice        #.........   100%        5    ######.
 Yara's Violent Unravell  Hex/Tmut       #.........   100%        5    ######.
 Freezing Cloud           Conj/Ice/Air   #.........   100%        6    #######
 Invisibility             Hex            #.......     100%        6    #######
 Ring of Flames           Chrm/Fire      #.........   100%        7    #######


Dungeon Overview and Level Annotations

Branches:
Dungeon (12/15)            Temple (1/1) D:4            Lair (4/6) D:10
  Snake (0/4) Lair:3          Orc (0/2) D:10
  Swamp: Lair:2-4    Shoals: Lair:2-4

Altars:
Dithmenos
Elyvilon
Fedhas
Gozag
Hepliaklqana
Kikubaaqudgha
Makhleb
Nemelex Xobeh
Okawaru
Qazlal
Ru
Sif Muna
Trog
Uskayaw
Vehumet
Wu Jian
Xom
Yredelemnul
The Shining One

Shops:
Lair:1 ([

Annotations:
Lair:1 3 runed translucent doors, Gargoyl's ghost, journeyman CeAK; opiumtea's ghost, novice MfSu
Lair:2 1 runed translucent door, MummyMadness's ghost, journeyman TrAr


Innate Abilities, Weirdness & Mutations

You reflexively headbutt those who attack you in melee.
You have a pair of horns on your head.


Message History

You hit the ogre mage.
The ogre mage is poisoned.
The ogre mage is lightly wounded.
The fire dragon breathes flames at you.
The blast of flame hits the ogre mage!!
The blast of flame misses you.
Unknown command.
You hit the ogre mage.
The ogre mage looks as sick as possible!
Your headbutt misses the ogre mage.
The ogre mage is severely wounded.
The ogre mage hits you but does no damage.
Unknown command.
You slash the ogre mage!
The ogre mage looks as sick as possible!
You headbutt the ogre mage!
You kill the ogre mage!
Unknown command.
The fire dragon breathes flames at you. The blast of flame hits you!!
You die...
Your body crumbles into a pile of gold.

########### ........@D#
#########.###############
#........?............
#.....................
..........>............
##.........$...........
#.........<.≈≈≈.......
#....≈≈≈....≈≈≈≈≈.....
#....≈≈.....≈≈≈≈≈.....


You could see a fire dragon shaped shifter.

Vanquished Creatures
  2 hydras
  A two-headed ogre (D:9)
  A death knight (D:11)
  An ogre mage (D:11)
  A manticore (D:11)
  A centaur zombie (D:10)
  6 spiny frogs
  A komodo dragon (Lair:2)
  A rime drake (Lair:3)
  A troll (D:10)
  A queen bee (D:8)
  2 hornets (D:11)
  5 hippogriffs
  2 water elementals (D:11)
  18 yaks
  A wyvern (D:8)
  A wraith (D:9)
  A vampire (D:10)
  A basilisk (Lair:1)
  A vampire mosquito (D:12)
  2 hungry ghosts
  Menkaure (D:4)
  Edmund (D:4)
  2 nagas (Lair:3)
  6 porcupines
  5 water moccasins
  4 orc warriors
  A black bear (D:9)
  2 ice beasts
  A sky beast (D:5)
  4 phantoms
  10 crocodiles
  9 wolves
  11 centaurs
  2 ogres
  2 big kobolds
  16 bullfrogs
  A water moccasin zombie (D:9)
  4 scorpions
  29 killer bees
  3 wights (D:8)
  6 howler monkeys
  9 crimson imps
  A quasit (D:11)
  2 bullfrog zombies
  4 hounds
  Crazy Yiuf (D:3)
  4 jellies
  A centaur skeleton (D:6)
  A gnoll shaman (D:8)
  8 orc priests
  9 orc wizards
  A bullfrog skeleton (D:7)
  4 iguanas
  5 worker ants
  A hound zombie (D:8)
  A worker ant zombie (D:10)
  12 adders
  3 gnolls (D:8)
  2 shadow imps
  An ooze (D:4)
  A worm (D:2)
  5 dart slugs
  2 leopard geckos
  38 orcs
  2 giant cockroaches
  8 hobgoblins
  5 quokkas
  A ball python (D:7)
  A ball python skeleton (D:5)
  6 bats
  3 frilled lizards
  6 goblins
  24 kobolds
  A quokka zombie (D:8)
  4 rats
348 creatures vanquished.

Vanquished Creatures (others)
  A plant (Lair:1)
1 creature vanquished.

Grand Total: 349 creatures vanquished

Notes
Turn   | Place    | Note
-------+----------+-------------------------------------------
     0 | D:1      | Peloso the Minotaur Fighter began the quest for the Orb.
     0 | D:1      | Reached XP level 1. HP: 19/19 MP: 0/0
   118 | D:1      | Reached XP level 2. HP: 27/27 MP: 1/1
   621 | D:2      | Reached XP level 3. HP: 32/33 MP: 2/2
  1032 | D:2      | Reached skill level 1 in Dodging
  1032 | D:2      | Reached XP level 4. HP: 34/41 MP: 3/3
  2264 | D:3      | Found a runed translucent door.
  2265 | D:3      | Noticed Crazy Yiuf
  2271 | D:3      | Killed Crazy Yiuf
  2390 | D:4      | Got an iridescent hand axe
  2391 | D:4      | Identified the +4 hand axe of Impeachment {antimagic, rPois
                  | rC+} (You found it on level 4 of the Dungeon)
  2395 | D:4      | Found a hide-covered altar of Uskayaw.
  2404 | D:4      | Reached XP level 5. HP: 31/47 MP: 1/4
  2445 | D:4      | Noticed Edmund
  2465 | D:4      | Killed Edmund
  2615 | D:4      | Reached skill level 1 in Axes
  2615 | D:4      | Reached XP level 6. HP: 39/55 MP: 1/5
  2639 | D:4      | Reached skill level 5 in Armour
  2777 | D:4      | Noticed Menkaure
  2796 | D:4      | Killed Menkaure
  2910 | D:4      | Found a staircase to the Ecumenical Temple.
  2935 | Temple   | Entered the Ecumenical Temple
  2979 | Temple   | Became a worshipper of Gozag Ym Sagoz the Greedy
  3032 | D:4      | Reached skill level 5 in Shields
  3043 | D:4      | Reached skill level 5 in Long Blades
  3044 | D:4      | Reached XP level 7. HP: 60/60 MP: 6/6
  3334 | D:5      | Entered Level 5 of the Dungeon
  3342 | D:5      | Reached skill level 5 in Fighting
  3642 | D:5      | Reached XP level 8. HP: 59/68 MP: 7/7
  4908 | D:7      | You fall into a shaft and drop 2 floors!
  4926 | D:8      | You fall into a shaft and drop 2 floors!
  4926 | D:10     | Entered Level 10 of the Dungeon
  4951 | D:9      | Reached XP level 9. HP: 31/75 MP: 8/8
  5291 | D:8      | Found a shimmering altar of Xom.
  5365 | D:8      | Reached skill level 10 in Long Blades
  6086 | D:8      | Paralysed by fainting for 5 turns
  6144 | D:8      | Reached XP level 10. HP: 81/86 MP: 9/9
  6330 | D:8      | Reached skill level 10 in Shields
  6861 | D:7      | Reached skill level 1 in Stealth
  7868 | D:9      | Noticed a two-headed ogre
  7877 | D:9      | Killed a two-headed ogre
  8397 | D:10     | Found a staircase to the Lair.
  9291 | D:9      | Reached XP level 11. HP: 94/94 MP: 10/10
 10107 | D:10     | Found a staircase to the Orcish Mines.
 10332 | D:11     | Paralysed by a hornet for 2 turns
 10687 | D:11     | Noticed a six-headed hydra
 10687 | D:11     | Noticed an ogre mage
 10688 | D:11     | Noticed a catoblepas
 10726 | D:11     | Noticed a death knight
 11064 | D:11     | Killed a death knight
 11064 | D:11     | Reached skill level 10 in Armour
 11341 | Lair:1   | Entered Level 1 of the Lair of Beasts
 12046 | Lair:1   | Found a runed translucent gate.
 12047 | Lair:1   | Found a runed translucent gate.
 12047 | Lair:1   | Found a runed translucent gate.
 12048 | Lair:1   | Noticed Gargoyl's ghost (journeyman CeAK)
 12048 | Lair:1   | Noticed Gargoyl's ghost (journeyman CeAK)
 12048 | Lair:1   | Noticed opiumtea's ghost (novice MfSu)
 12485 | Lair:1   | Bought a bloodstained falchion for 224 gold pieces
 12487 | Lair:1   | Identified the cursed +1 falchion of War {venom, rC+ SInv}
                  | (You bought it in a shop on level 1 of the Lair of Beasts)
 12551 | Lair:2   | Found a runed translucent door.
 12551 | Lair:2   | Noticed MummyMadness's ghost (journeyman TrAr)
 12693 | Lair:2   | Noticed a five-headed hydra
 12713 | Lair:2   | Killed a 13-headed hydra
 12713 | Lair:2   | Reached XP level 12. HP: 9/105 MP: 0/11
 14149 | Lair:3   | Found a staircase to the Snake Pit.
 14420 | Lair:3   | Reached skill level 10 in Fighting
 14606 | Lair:3   | Found a white marble altar of Elyvilon.
 14782 | Lair:4   | Noticed a seven-headed hydra
 14914 | Lair:1   | Bought a pair of runed boots for 262 gold pieces
 15162 | D:11     | Noticed a fire dragon
 15162 | D:11     | a shock serpent changed into a fire dragon
 15172 | D:11     | Killed a 16-headed hydra
 15175 | D:11     | Killed an ogre mage
 15176 | D:11     | Killed from afar by a fire dragon (shapeshifter)

Levels and vault maps discovered:
D:1:      matt_arrival_grand_opening, layout_basic, item_on_display_a
D:2:      kennysheep_big_flooded_room, layout_loops_ring, hex_medium,
          roderic_serpentine_path
D:3:      layout_loops_corners, first_ration, uniq_crazy_yiuf_cottage
D:4:      layout_rooms, minmay_temple_entry_mist, kennysheep_diamond,
          uniq_edmund, uniq_menkaure
D:5:      layout_basic, corner_web_ring
D:6:      layout_loops_cross
D:7:      layout_basic
D:8:      layout_basic, xom_butterflies, david_nohive_1
D:9:      layout_basic, kennysheep_nondescript
D:10:     layout_gridville, lair_entry_dummy, david_orc_4
D:11:     layout_basic, jmf_multi_god_temple2
D:12:     layout_irregular_city, serial_shops, shop, minivault_16, uniq_kirke
Temple:   kilobyte_greek_temple
Lair:1:   layout_loops_ring, gammafunk_ghost_cemetery, st_stairs_3, minivault_27
Lair:2:   layout_roguey, gammafunk_ghost_grave, beast_lair_carwin_8,
          grunt_megastairs_2
Lair:3:   layout_cave_pods, guppyfry_snake_entry_island, lemuel_centaur_altar,
          grunt_megastairs_5, lemuel_fruit_fields
Lair:4:   layout_long_grid, minmay_swamp_entry_swarm, serial_bayou_shore_b

Skill      XL: |  1  2  3  4  5  6  7  8  9 10 11 12 |
---------------+-------------------------------------+-----
Shields        | 4 5 7 9 11 12 13 | 13.6
Fighting       | 4 5 6 7 8 9 10 | 10.1
Long Blades    | 3 4 5 6 9 10 12 13 | 13.8
Armour         | 4 5 6 7 9 10 11 | 11.4
Dodging        | 1 2 3 4 |  4.0
Axes           | 1 2 |  2.6
Stealth        | 1 2 |  2.5

Action                   |  1- 3 |  4- 6 |  7- 9 | 10-12 || total
-------------------------+-------+-------+-------+-------++-------
Melee: Long sword        |    92 |    53 |   505 |   624 ||  1274
       Headbutt          |    12 |    14 |    90 |   255 ||   371
       Hand axe          |       |    44 |       |       ||    44
       Falchion          |       |       |       |   286 ||   286
Invok: Call Merchant     |       |       |       |     2 ||     2
  Use: Scroll            |     3 |       |    10 |    11 ||    24
       Potion            |     1 |       |       |     5 ||     6
 Stab: Distracted        |       |       |     1 |     3 ||     4
  Eat: Chunk             |       |     5 |       |       ||     5
       Ration            |       |       |     4 |     9 ||    13
Armor: Scale mail        |    55 |    41 |    36 |       ||   132
       Plate armour      |       |       |   260 |   399 ||   659
Dodge: Dodged            |    34 |    32 |   145 |   241 ||   452
Block: Shield            |    64 |    49 |   326 |   577 ||  1016
       Rpst.: Long sword |    11 |     3 |    41 |    27 ||    82
       Falchion          |       |       |       |    16 ||    16

Table legend:
 A = Non-vault XP
 B = Vault XP
 C = Vault XP percentage of total XP
 D = Non-vault monster count
 E = Vault monster count
 F = Vault count percentage of total count
                 A         B        C        D         E       F
            +---------+---------+-------+---------+---------+-------
      Total |   24031 |    6451 |  21.2 |     289 |      59 |  17.0
            +---------+---------+-------+---------+---------+-------
        D:1 |      39 |       0 |   0.0 |      23 |       0 |   0.0
        D:2 |      69 |       5 |   6.8 |      17 |       2 |  10.5
        D:3 |      18 |      42 |  70.0 |       8 |       1 |  11.1
        D:4 |     340 |     368 |  52.0 |      17 |       3 |  15.0
        D:5 |     634 |       0 |   0.0 |      17 |       0 |   0.0
        D:6 |    1001 |       0 |   0.0 |      26 |       0 |   0.0
        D:7 |    1093 |       0 |   0.0 |      20 |       0 |   0.0
        D:8 |    2005 |    1150 |  36.5 |      35 |      15 |  30.0
        D:9 |    3658 |     264 |   6.7 |      32 |       3 |   8.6
       D:10 |    1874 |     452 |  19.4 |      23 |      15 |  39.5
       D:11 |    3937 |    1431 |  26.7 |      23 |       2 |   8.0
       D:12 |     416 |       0 |   0.0 |       2 |       0 |   0.0
     Lair:1 |    1902 |     363 |  16.0 |      12 |       2 |  14.3
     Lair:2 |    4555 |    1050 |  18.7 |      20 |       8 |  28.6
     Lair:3 |    2220 |    1326 |  37.4 |      13 |       8 |  38.1
     Lair:4 |     270 |       0 |   0.0 |       1 |       0 |   0.0
            +---------+---------+-------+---------+---------+-------
